Map: Lerilak Crest

Players

Bucket

  • Race: Protoss Protoss
  • League: Diamond

JaCK - Winner!

  • Race: Protoss Protoss
  • League: Diamond

VOD

Have the link to the VOD?

Description

Time

  • Played on: Dec. 10, 2015, 5:20 a.m.
  • Length: 7:46
Show
View Real Time Build Order
Export as new Build Order

Bucket Protoss 

Build Orders: Blink Stalkers 

Get SALT Encoding   

  12  0:01  Probe (Chrono Boost)  
  13  0:12  Probe (Chrono Boost)  
  14  0:18  Pylon  
  14  0:23  Probe (Chrono Boost)  
  15  0:36  Probe (Chrono Boost)  
  15  0:37  Gateway  
  16  0:43  Assimilator  
  16  0:46  Probe (Chrono Boost)  
  17  0:57  Probe (Chrono Boost)  
  17  1:00  Gateway  
  18  1:06  Assimilator  
  18  1:08  Probe (Chrono Boost)  
  19  1:14  Pylon  
  20  1:18  Probe (Chrono Boost)  
  20  1:29  Cybernetics Core  
  21  1:33  Probe (Chrono Boost)  
  21  1:43  Probe (Chrono Boost)  
  22  1:54  Probe (Chrono Boost)  
  23  2:05  Twilight Council  
  23  2:13  Stalker x2, Warp Gate (Chrono Boost)  
  27  2:26  Mothership Core (Chrono Boost)  
  29  2:39  Pylon  
  29  2:57  Blink (Chrono Boost)  
  29  3:02  Gateway  
  29  3:07  Gateway  
  29  3:44  Probe  
  30  4:03  Pylon  
  30  4:12  Pylon  
  30  4:19  Stalker x3  
  30  4:20  Stalker  
  30  4:23  Robotics Facility  
  37  4:42  Stalker  
  37  4:43  Stalker x3  
  45  4:54  Probe  
  46  5:06  Probe  
  47  5:11  Nexus  
  47  5:21  Probe  
  36  5:33  Probe  
  31  5:36  Pylon  
  31  5:37  Pylon  
  31  5:43  Warp Prism  
  31  5:45  Probe  
  32  5:56  Stalker  
  32  5:57  Stalker, Sentry, Probe  
  36  6:00  Sentry  
  41  6:07  Pylon  
  41  6:10  Probe  
  42  6:22  Probe  
  42  6:24  Stalker  
  45  6:34  Probe  
  45  6:37  Stalker  
  45  6:38  Stalker  
  45  6:54  Adept  
  45  7:01  Pylon  
  47  7:02  Pylon  
  47  7:15  Observer (Chrono Boost)  
  47  7:19  Sentry  
  47  7:21  Adept x3  
Show
View Real Time Build Order
Export as new Build Order

JaCK Protoss - Winner!

Build Orders:  

Get SALT Encoding   

  12  0:01  Probe (Chrono Boost)  
  13  0:12  Probe (Chrono Boost)  
  14  0:17  Pylon  
  14  0:22  Probe (Chrono Boost)  
  16  0:35  Probe (Chrono Boost)  
  16  0:37  Gateway  
  16  0:46  Probe (Chrono Boost)  
  17  0:51  Assimilator  
  17  0:56  Probe (Chrono Boost), Assimilator  
  18  1:07  Probe (Chrono Boost)  
  18  1:10  Pylon  
  19  1:17  Probe (Chrono Boost)  
  20  1:25  Cybernetics Core  
  20  1:28  Probe (Chrono Boost)  
  21  1:33  Zealot (Chrono Boost)  
  21  1:39  Probe  
  24  1:51  Probe  
  25  1:58  Zealot (Chrono Boost)  
  27  2:02  Stargate  
  27  2:04  Warp Gate  
  27  2:11  Pylon  
  27  2:21  Zealot (Chrono Boost)  
  29  2:30  Robotics Facility  
  29  2:38  Mothership Core (Chrono Boost)  
  31  2:48  Zealot (Chrono Boost)  
  33  3:09  Pylon  
  33  3:18  Immortal (Chrono Boost)  
  37  3:38  Pylon  
  37  3:39  Pylon  
  37  3:53  Gateway  
  37  3:56  Gateway  
  37  3:57  Immortal (Chrono Boost)  
  41  4:27  Void Ray  
  41  4:31  Immortal (Chrono Boost)  
  49  4:51  Pylon  
  49  4:58  Zealot x3  
  53  5:13  Immortal (Chrono Boost)  
  53  5:28  Probe  
  52  5:39  Zealot x3  
  52  5:40  Probe  
  58  6:00  Void Ray (Chrono Boost)  
  62  6:19  Pylon  
  62  6:33  Stalker  
  62  6:34  Stalker x2  
  64  6:50  Nexus  
  64  7:20  Pylon  
Tags
 
Add a new tag
Caveats
  • Supply blocks, unpowered buildings, or Contaminate may cause inaccurate times.
  • Supply counts are checked every 10 seconds.